 Dungeon Sprint DCSS version 0.19.0-22-gd96e5fe (webtiles) character file.

996 dobroeutro the Unseen (level 7, -15/33 HPs)
             Began as a Spriggan Assassin on Nov 19, 2016.
             Was an Initiate of Dithmenos.
             Killed by an exploding ballistomycete spore (26 damage)
             ... in the Dungeon (Sprint I: "Red Sonja").
             The game lasted 00:03:08 (509 turns).

dobroeutro the Unseen (Spriggan Assassin)            Turns: 509, Time: 00:03:09

Health: -15/33     AC:  3    Str:  7    XL:     7   Next: 99%
Magic:  8/8        EV: 17    Int: 12    God:    Dithmenos [......]
Gold:   317        SH:  0    Dex: 20    Spells: 0 memorised, 6 levels left

rFire  . . .     SeeInvis +     q - +2 short sword (venom)
rCold  . . .     Gourm    .     c - +0 robe
rNeg   . . .     Faith    .     (shield restricted)
rPois  .         Spirit   .     (helmet restricted)
rElec  .         Reflect  .     d - +0 cloak
rCorr  .         Harm     .     (gloves unavailable)
MR     +....     NoTele   +     (boots unavailable)
Stlth  +++.......               (no amulet)
                                (no ring)
                                (no ring)

@: confused, very quick
A: unfitting armour, see invisible, herbivore 3, speed 3, slow metabolism 2
a: Renounce Religion


You were in the Dungeon.
You worshipped Dithmenos.
Dithmenos was noncommittal.
You were not hungry.

You visited 1 branch You collected 405 gold pieces.
You spent 88 gold pieces at shops.

Inventory:

Hand Weapons
 p - a +6 blowgun
 q - a +2 short sword of venom (weapon)
Missiles
 e - 7 poisoned needles
 f - 7 curare-tipped needles
Armour
 c - a +0 robe (worn)
 d - a +0 cloak (worn)
Wands
 n - a wand of paralysis (6/24)
Scrolls
 a - a scroll of fear {unknown}
 m - a scroll of blinking
Potions
 h - a potion of curing
 i - a potion of heal wounds
 j - a potion of haste
 k - 2 potions of magic
 l - a potion of berserk rage
Comestibles
 g - a bread ration


   Skills:
 - Level 1.5 Fighting
 + Level 11.1 Short Blades
 - Level 2.0 Throwing
 - Level 1.5 Dodging
 * Level 20.3 Stealth


You had 6 spell levels left.
You didn't know any spells.

Dungeon Overview and Level Annotations

Branches:
Dungeon (1/1)

Altars:
Cheibriados
Dithmenos
Elyvilon
Fedhas
Gozag
Hepliaklqana
Kikubaaqudgha
Nemelex Xobeh
Okawaru
Qazlal
Ru
Sif Muna
Trog
Uskayaw
Vehumet
Yredelemnul
Zin
The Shining One

Shops:
D (}


Innate Abilities, Weirdness & Mutations

You are very small and have problems with some larger weapons.
You are too small for most types of armour.
You have supernaturally acute eyesight. (SInv)
You are a herbivore.
You cover ground extremely quickly.
You need consume almost no food.


Message History

Found Fiatyfam's Weapon Boutique.
There is an entrance to Fiatyfam's Weapon Boutique here.
There is an open door here.
You open the door. 2 ballistomycete spores come into view.
Found five items.
Found 54 gold pieces.
There is an open door here.
The helpless ballistomycete spore fails to defend itself.
You skewer the ballistomycete spore like a kebab!!!!!
The ballistomycete spore explodes!
The explosion of spores engulfs you!
You are confused.
Ouch! That really hurt!
The explosion of spores engulfs the ballistomycete spore.
The ballistomycete spore explodes!
The explosion of spores engulfs you!
You are more confused.
Ouch! That really hurt!
You die...

#..#_____##'#..+
#⌠⌠#_.∩...'..._#
####_..__##_.#+#
#_____###'#
############.##
#∩........'...+
###++++####.).#
##.## #@#
#$!$!$# #$(!?$#
#######


There were no monsters in sight!

Vanquished Creatures
  Sonja (D)
  Sigmund (D)
  A yak (D)
  An ogre (D)
  A jelly (D)
  Ijyb (D)
6 creatures vanquished.

Notes
Turn   | Place    | Note
-------+----------+-------------------------------------------
     0 | D        | dobroeutro the Spriggan Assassin began the quest for the Orb.
     0 | D        | Reached XP level 1. HP: 10/10 MP: 2/2
     1 | D        | Noticed Ijyb
     4 | D        | Killed Ijyb
     4 | D        | Reached skill level 9 in Stealth
     4 | D        | Reached XP level 2. HP: 14/14 MP: 3/3
     9 | D        | Noticed an ogre
    12 | D        | Killed an ogre
    12 | D        | Reached skill level 12 in Stealth
    12 | D        | Reached XP level 3. HP: 18/18 MP: 4/4
    12 | D        | Reached XP level 4. HP: 22/22 MP: 5/5
    21 | D        | Noticed Sigmund
    33 | D        | Killed Sigmund
    33 | D        | Reached skill level 15 in Stealth
    33 | D        | Reached XP level 5. HP: 15/25 MP: 6/6
    33 | D        | Reached XP level 6. HP: 18/30 MP: 7/7
   159 | D        | Found a deep blue altar of Sif Muna.
   161 | D        | Found a radiant altar of Vehumet.
   166 | D        | Reached skill level 16 in Stealth
   182 | D        | Found Bipet's Gadget Emporium.
   182 | D        | Found an ancient bone altar of Kikubaaqudgha.
   182 | D        | Found a hazy altar of Hepliaklqana.
   182 | D        | Found a hide-covered altar of Uskayaw.
   182 | D        | Found a basalt altar of Yredelemnul.
   182 | D        | Found an opulent altar of Gozag.
   182 | D        | Found a snail-covered altar of Cheibriados.
   182 | D        | Found a sacrificial altar of Ru.
   182 | D        | Found a shadowy altar of Dithmenos.
   182 | D        | Noticed a yak
   183 | D        | Found a stormy altar of Qazlal.
   183 | D        | Found a blossoming altar of Fedhas.
   183 | D        | Found a bloodstained altar of Trog.
   183 | D        | Found an iron altar of Okawaru.
   183 | D        | Found a glowing golden altar of the Shining One.
   183 | D        | Found a glowing silver altar of Zin.
   183 | D        | Found a white marble altar of Elyvilon.
   222 | D        | Killed a yak
   222 | D        | Reached skill level 17 in Stealth
   246 | D        | Found a sparkling altar of Nemelex Xobeh.
   412 | D        | Became a worshipper of Dithmenos the Shadowed
   456 | D        | Bought a wand of paralysis (6/24) for 88 gold pieces
   462 | D        | Noticed Sonja
   466 | D        | Killed Sonja
   466 | D        | Reached skill level 20 in Stealth
   466 | D        | Reached XP level 7. HP: 33/33 MP: 8/8
   488 | D        | Found Fiatyfam's Weapon Boutique.
   509 | D        | Killed by an exploding ballistomycete spore

Skill      XL: |  1  2  3  4  5  6 |
---------------+-------------------+-----
Short Blades   | 4 6 8 11 | 11.1
Stealth        | 9 12 15 20 | 20.3
Fighting       | |  1.5
Throwing       | |  2.0
Dodging        | |  1.5

Action                   |  1- 3 |  4- 6 |  7- 9 || total
-------------------------+-------+-------+-------++-------
Melee: Dagger            |     2 |    10 |       ||    12
       Short sword       |       |       |     1 ||     1
 Fire: Blowgun           |       |    16 |       ||    16
 Stab: Sleeping          |     2 |     2 |     1 ||     5
Dodge: Dodged            |       |     6 |       ||     6
